 Dungeon Crawl Stone Soup version 0.30.1 (webtiles) character file.

Game seed: 12640986864286257516

1313 Graphine the Gusty (level 8, -1/46 HPs)
             Began as a Tengu Air Elementalist on July 9, 2023.
             Was an Initiate of Gozag.
             Killed by their own static electricity (5 damage)
             ... on level 6 of the Dungeon.
             The game lasted 00:12:29 (5861 turns).

Graphine the Gusty (Tengu Air Elementalist)         Turns: 5861, Time: 00:12:30

Health: -1/46      AC:  2    Str:  9    XL:     8   Next: 58%
Magic:  10/14      EV: 16    Int: 18    God:    Gozag
Gold:   216        SH:  0    Dex: 14    Spells: 3/14 levels left

rFire   . . .        e - staff of conjuration
rCold   . . .        (no shield)
rNeg    + . .        a - +0 robe
rPois   .            (helmet restricted)
rElec   .            (no cloak)
rCorr   .            (no gloves)
SInv    .            (boots unavailable)
Will    .....        h - amulet of the acrobat
Stlth   ++           l - ring of positive energy
HPRegen 0.27/turn    (no ring)
MPRegen 0.14/turn

%: acrobat
@: gold aura, flying quickly and evasively, quick
A: beak, talons 3, nimble flight
a: Renounce Religion, Potion Petition, Call Merchant, Bribe Branch


You were on level 6 of the Dungeon.
You worshipped Gozag.
Gozag was aware of your devotion.
You visited 2 branches of the dungeon, and saw 7 of its levels.

You collected 323 gold pieces.
You paid 107 gold pieces to Gozag.

Inventory:

Hand Weapons
 i - a +0 dagger
 p - the +8 sling of Dithmenos's Approval {elec, Drain +Blink rElec}
   (You found it on level 3 of the Dungeon)

   rElec:     It insulates you from electricity.
   +Blink:    It lets you blink.
   Drain:     It drains your maximum health when unequipped.
Missiles
 t - a boomerang of dispersal
Armour
 a - a +0 robe (worn)
Magical Staves
 e - a staff of conjuration (weapon)
Jewellery
 h - an amulet of the acrobat (around neck)
 l - a ring of positive energy (left hand)
 q - an amulet of reflection
Wands
 k - a wand of polymorph (10)
 v - a wand of digging (3)
 w - a wand of roots (1)
 x - a wand of light (7)
 y - a wand of paralysis (8)
Scrolls
 f - a scroll of noise {unknown}
 j - 3 scrolls of teleportation
 u - a scroll of vulnerability
 z - 2 scrolls of identify
Potions
 c - 4 potions of resistance
 g - a potion of cancellation
 m - a potion of flight {unknown}
 n - 2 potions of ambrosia {unknown}
 o - a potion of haste {unknown}
 r - 4 potions of curing
 s - a potion of mutation {unknown}


   Skills:
 + Level 3.1 Fighting
 + Level 3.4 Staves
 + Level 4.1 Dodging
 - Level 2.0 Stealth
 + Level 3.5 Spellcasting
 * Level 6.5 Conjurations
 * Level 7.3 Air Magic
 + Level 2.9 Evocations


You had 3 spell levels left.
You knew the following spells:

 Your Spells              Type           Power      Damage    Failure   Level
a - Shock                 Conj/Air       100%       1d9       1%          1
b - Static Discharge      Conj/Air       84%        2-6/arc   1%          2
c - Blink                 Tloc           6%         N/A       24%         2
d - Swiftness             Air            29%        N/A       2%          3
e - Mephitic Cloud        Conj/Pois/Air  29%        N/A       7%          3

Your spell library contained the following spells:

 Spells                   Type           Power      Damage    Failure   Level
 Magic Dart               Conj           100%       1d8       1%          1
 Momentum Strike          Conj/Tloc      44%        3d9       6%          2
 Vhi's Electric Charge    Tloc/Air       32%        N/A       11%         3
 Call Imp                 Summ           6%         N/A       24%         2
 Lesser Beckoning         Tloc           6%         N/A       24%         2
 Sublimation of Blood     Necr           3%         N/A       24%         2
 Wereblood                Tmut           3%         N/A       24%         2
 Airstrike                Air            14%        2d(3-19)  8%          4
 Arcjolt                  Conj/Air       21%        1d31      26%         5
 Summon Hydra             Summ           1%         N/A       100%        7
 Maxwell's Capacitive Co  Air            14%        ∞         100%        8


Dungeon Overview and Level Annotations

Branches:
Dungeon (6/15)             Temple (1/1) D:6

Altars:
Ashenzari
Dithmenos
Elyvilon
Fedhas
Gozag
Hepliaklqana
Makhleb
Nemelex Xobeh
Okawaru
Qazlal
Ru
Trog
Uskayaw
Wu Jian
Xom
Yredelemnul
Zin
The Shining One

Shops:
D:5 :


Innate Abilities, Weirdness & Mutations

You have a beak for a mouth.
You have claws for feet.
Your magical nature lets you fly swiftly and evasively.


Message History

Unknown command.
You feel much better. Nawrastar's ghost hits you! Nawrastar's ghost burns you.
Okay, then.
Casting: Static Discharge (safe; 1% risk of failure)
Confirm with . or Enter, or press ? or * to list all spells.
You feel a surge of power!
Nawrastar's ghost is struck by an arc of lightning.
Nawrastar's ghost is severely damaged.
You are struck by an arc of lightning.
Nawrastar's ghost is struck by an arc of lightning.
Nawrastar's ghost is severely damaged.
You are struck by an arc of lightning.
Nawrastar's ghost is struck by an arc of lightning.
Nawrastar's ghost is almost destroyed.
The lightning grounds out.
Nawrastar's ghost hits you! Nawrastar's ghost burns you.
Magic courses through your body. Nawrastar's ghost hits you.
* * * LOW HITPOINT WARNING * * *
Nawrastar's ghost burns you.
* * * LOW HITPOINT WARNING * * *
Casting: Static Discharge (safe; 1% risk of failure)
Confirm with . or Enter, or press ? or * to list all spells.
You feel a surge of power!
Nawrastar's ghost is struck by an arc of lightning.
Nawrastar's ghost is almost destroyed.
You are struck by an arc of lightning.
* * * LOW HITPOINT WARNING * * *
Nawrastar's ghost is struck by an arc of lightning.
Nawrastar's ghost is almost destroyed.
You are struck by an arc of lightning.
* * * LOW HITPOINT WARNING * * *
The lightning grounds out.
Nawrastar's ghost barely misses you.
Casting: Static Discharge (safe; 1% risk of failure)
Confirm with . or Enter, or press ? or * to list all spells.
You feel a surge of power!
Nawrastar's ghost is struck by an arc of lightning!
You destroy nawrastar's ghost!
You are struck by an arc of lightning.
You die...
Your body crumbles into a pile of gold.

# #. #.## #...#### .
#......## $
..##..#.####### ##
.......@$~~~~)~ #.##
#.....#.########...#
....................
..................#
..................#
..................#
..................###
.####...............#
##
####..>....##...##.#


There were no monsters in sight!

Vanquished Creatures
  The ghost of nawrastar the Poker, a novice DsMo of Makhleb (D:6)
  Menkaure (D:4)
  Edmund (D:4)
  A black bear (D:5)
  2 ogres
  3 phantoms
  A bullfrog (D:6)
  2 scorpions
  4 hounds
  Ijyb (D:4)
  An orc wizard (D:4)
  10 gnolls
  6 adders
  A shadow imp (D:3)
  A worm (D:3)
  6 dart slugs
  7 orcs (D:4)
  5 bats
  8 endoplasms
  4 giant cockroaches
  5 goblins
  6 hobgoblins
  4 kobolds
  2 quokkas
  4 ball pythons
  2 frilled lizards (D:1)
  A rat (D:1)
90 creatures vanquished.

Notes
Turn   | Place    | Note
-------+----------+-------------------------------------------
     0 | D:1      | Graphine the Tengu Air Elementalist began the quest for the
                  | Orb.
     0 | D:1      | Reached XP level 1. HP: 10/10 MP: 4/4
   160 | D:1      | Reached XP level 2. HP: 15/15 MP: 4/6
   163 | D:1      | Learned a level 2 spell: Static Discharge
  1266 | D:2      | Reached XP level 3. HP: 14/20 MP: 1/7
  1450 | D:2      | Found a sacrificial altar of Ru.
  1464 | D:2      | Reached skill level 1 in Staves
  2161 | D:2      | Reached XP level 4. HP: 9/24 MP: 1/8
  2351 | D:3      | Reached skill level 1 in Fighting
  2446 | D:3      | Reached skill level 1 in Evocations
  2989 | D:3      | Identified the +8 sling of Dithmenos's Approval {elec,
                  | Drain +Blink rElec}
  3045 | D:3      | Gained mutation: Your magical nature lets you fly swiftly
                  | and evasively. [Tengu growth]
  3045 | D:3      | Reached XP level 5. HP: 29/29 MP: 5/9
  3248 | D:4      | Noticed an ogre
  3249 | D:4      | Found a broken altar of Ashenzari.
  3259 | D:4      | Killed an ogre
  3260 | D:4      | Reached skill level 5 in Air Magic
  3300 | D:4      | Found a sparkling altar of Nemelex Xobeh.
  3436 | D:4      | Learned a level 2 spell: Blink
  3445 | D:4      | Noticed a phantom
  3462 | D:4      | Killed a phantom
  3463 | D:4      | Reached XP level 6. HP: 31/35 MP: 4/10
  3761 | D:4      | Reached XP level 7. HP: 40/40 MP: 9/12
  3942 | D:4      | Noticed Ijyb
  3950 | D:4      | Killed Ijyb
  3951 | D:4      | Reached skill level 6 in Air Magic
  4030 | D:4      | Reached skill level 5 in Conjurations
  4077 | D:4      | Noticed Menkaure
  4088 | D:4      | Killed Menkaure
  4602 | D:4      | Noticed Edmund
  4610 | D:4      | Killed Edmund
  4611 | D:4      | Reached XP level 8. HP: 22/45 MP: 4/13
  4737 | D:5      | Entered Level 5 of the Dungeon
  4828 | D:4      | Learned a level 3 spell: Swiftness
  4832 | D:4      | Learned a level 3 spell: Mephitic Cloud
  4957 | D:5      | Found Tupo's Book Emporium.
  5287 | D:5      | Reached skill level 7 in Air Magic
  5778 | D:6      | Found a staircase to the Ecumenical Temple.
  5792 | Temple   | Entered the Ecumenical Temple
  5808 | Temple   | Became a worshipper of Gozag Ym Sagoz the Greedy
  5838 | D:6      | Found a runed translucent door.
  5845 | D:6      | Noticed nawrastar's ghost (novice DsMo)
  5861 | D:6      | Killed nawrastar's ghost
  5861 | D:6      | Killed from afar by themself

Illustrated notes

Levels and vault maps discovered:
D:1:      pf_arrival_petrified_forest, layout_basic
D:2:      layout_basic, basic_altar
D:3:      layout_basic
D:4:      layout_loops_ring, jmf_multi_god_temple, dreamdust_gnoll_farm,
          uniq_edmund, uniq_menkaure, uniq_ijyb
D:5:      layout_basic, serial_shops, nicolae_shop_statue_plus, eino_curves_03
D:6:      layout_cave_pools, minmay_temple_entry_statues_fountains,
          ebering_ghost_sewer_d, portal_sewer_entry_c,
          nicolae_ossuary_entry_plus, minmay_manual_mandibuliform
Temple:   nicolae_temple_x_marks_the_god

Skill      XL: |  1  2  3  4  5  6  7  8 |
---------------+-------------------------+-----
Conjurations   | 2 3 4 5 6 |  6.5
Staves         | 1 2 3 |  3.4
Fighting       | 1 2 3 |  3.1
Evocations     | 1 2 |  2.9
Air Magic      | 5 6 7 |  7.3
Dodging        | 3 4 |  4.1
Spellcasting   | 3 |  3.5
Stealth        | |  2.0

Action                     |  1- 3 |  4- 6 |  7- 9 || total
---------------------------+-------+-------+-------++-------
  Melee: Staff             |    23 |    22 |     2 ||    47
         Peck              |     6 |     5 |     1 ||    12
         Kick              |     5 |     7 |     1 ||    13
   Cast: Shock             |    25 |    48 |    66 ||   139
         Static Discharge  |    20 |    14 |    25 ||    59
    Use: Scroll            |     5 |       |     6 ||    11
         Potion            |       |       |     2 ||     2
   Stab: Sleeping          |     2 |       |       ||     2
 Armour: Robe              |     4 |     3 |     6 ||    13
  Dodge: Dodged            |    30 |    27 |    13 ||    70
